 Dungeon Sprint DCSS version 0.29.0-7-g18a832c13a (webtiles) character file.

Game seed: 15225024394096665603

0 GigaChad the Shield-Bearer (level 1, 0/22 HPs)
             Began as a Troll Fighter on Aug 30, 2022.
             Splashed by a jelly's acid (5 damage)
             ... in the Dungeon (Sprint VI: "Thunderdome").
             The game lasted 00:00:21 (38 turns).

GigaChad the Shield-Bearer (Troll Fighter)            Turns: 38, Time: 00:00:22

Health: 0/22       AC: -4    Str: 23    XL:     1   Next: 16%
Magic:  0/0        EV:  8    Int:  4    God:
Gold:   0          SH:  7    Dex:  9    Spells: 0/0 levels left

rFire   . . .      SeeInvis .   a - +0 long sword
rCold   . . .      Faith    .   c - +0 kite shield
rNeg    . . .      Spirit   .   b - +0 robe
rPois   .          Reflect  .   (helmet restricted)
rElec   .          Harm     .   (no cloak)
rCorr   .          Rampage  .   (gloves unavailable)
Will    .....      NoTele   +   (boots unavailable)
Stlth   +.........              (no amulet)
HPRegen 0.87/turn               (no ring)
MPRegen 0.07/turn               (no ring)

@: corroded
A: large, unfitting armour, claws 3, regeneration 1, shaggy fur 1, tough skin 1
a: no special abilities


You were in the Dungeon.
You visited 1 branch

Inventory:

Hand Weapons
 a - a +0 long sword (weapon)
Armour
 b - a +0 robe (worn)
 c - a +0 kite shield (worn)
Scrolls
 j - a scroll of blinking
Potions
 d - a potion of might
 e - a potion of curing
 f - a potion of heal wounds
 g - a potion of haste
 h - 2 potions of magic
 i - a potion of berserk rage


   Skills:
 + Level 2.6 Fighting
 + Level 1.6 Long Blades
 + Level 2.6 Dodging
 + Level 2.9 Shields


You couldn't memorise any spells.
You didn't know any spells.
Your spell library was empty.

Dungeon Overview and Level Annotations

Branches:
Dungeon (1/1)

Altars:
Cheibriados
Dithmenos
Fedhas
Gozag
Kikubaaqudgha
Makhleb
Sif Muna
Wu Jian
Yredelemnul
Zin
The Shining One
Lugonu

Shops:
D **[(!!!!


Innate Abilities, Weirdness & Mutations

You are too large for most types of armour.
You have claws for hands.
Your natural rate of healing is unusually fast.
You are covered in fur. (AC +1)
You have tough skin. (AC +1)


Message History

Found 200 gold pieces.
Found a staircase leading out of the dungeon.
Found a basalt altar of Yredelemnul and a snail-covered altar of Cheibriados.
Found a glowing silver altar of Zin.
Found a burning altar of Makhleb and a glowing golden altar of the Shining One.
Found Zotelahe's Premium Goods and Kothiret's Weapon Rack.
Found two altars.
Get ready!
Found Naham's Miscellaneous Merchandise and Tyuckuh's Basic Armour.
ROUND 1!
FIGHT!
You sense a tension in the east.
Found a corrupted altar of Lugonu.
There is an entrance to Tyuckuh's Basic Armour here.
An endoplasm comes into view.
Found a shadowy altar of Dithmenos.
Found Ibonisos's Do-It-Yourself Clinic.
Found Jytyol's Distillery.
Found three altars.
Found Moinn's Bottled Wisdom and Beuklaax's Distillery.
The endoplasm hits you.
You slash the endoplasm!
You kill the endoplasm!
An endoplasm comes into view.
A jelly comes into view.
The jelly quivers.
The endoplasm quivers.
The jelly hits you but does no damage.
You hit the jelly.
Your claws burn!
The jelly is moderately wounded.
The jelly hits you but does no damage.
You hit the jelly. The acid corrodes you!
Your claws burn!
The jelly is severely wounded.
The jelly hits you.
You are splashed with acid.
You block the jelly's attack.
You hit the jelly.
Your claws burn!
The jelly is severely wounded.
The endoplasm freezes you.
You are frozen.
* * * LOW HITPOINT WARNING * * *
The jelly barely misses you.
You hit the jelly. The acid corrodes you!
Your claws burn!
You die...

#.8... ..8.# ......
......___∩## . ..8.
.8........∩### ..
..###.............## ...
#...# #..........⌠# ...
#.<.# #..........⌠#
...###...###..........⌠#
......###.......J.....#
....8.# #.8.....@J.∩#
......###......_._∩##
#.8.........8.######
#⌠...........⌠#
###.........###
#_......._# #_......._#
#_......._# #∩.......∩#


You could see a jelly and an endoplasm.

Vanquished Creatures
  An endoplasm (D)
1 creature vanquished.

Notes
Turn   | Place    | Note
-------+----------+-------------------------------------------
     0 | D        | GigaChad the Troll Fighter began the quest for the Orb.
     0 | D        | Reached XP level 1. HP: 22/22 MP: 0/0
     0 | D        | Found a basalt altar of Yredelemnul.
     0 | D        | Found a snail-covered altar of Cheibriados.
     1 | D        | Found a glowing silver altar of Zin.
     2 | D        | Found a burning altar of Makhleb.
     2 | D        | Found a glowing golden altar of the Shining One.
     3 | D        | Found a shimmering blue altar of Sif Muna.
     3 | D        | Found an ancient bone altar of Kikubaaqudgha.
     3 | D        | Found Zotelahe's Premium Goods.
     3 | D        | Found Kothiret's Weapon Rack.
     4 | D        | Found Naham's Miscellaneous Merchandise.
     4 | D        | Found Tyuckuh's Basic Armour.
     5 | D        | Round 1.
    10 | D        | Found a corrupted altar of Lugonu.
    24 | D        | Found a shadowy altar of Dithmenos.
    26 | D        | Found Ibonisos's Do-It-Yourself Clinic.
    28 | D        | Found an opulent altar of Gozag.
    28 | D        | Found an ornate altar of the Wu Jian Council.
    28 | D        | Found a blossoming altar of Fedhas.
    28 | D        | Found Jytyol's Distillery.
    29 | D        | Found Moinn's Bottled Wisdom.
    29 | D        | Found Beuklaax's Distillery.
    31 | D        | Noticed a jelly
    38 | D        | Splashed by a jelly's acid

Illustrated notes

Levels and vault maps discovered:
D:        arena_sprint

Action                   || total
-------------------------++-------
Melee: Long sword        ||     5
Armor: Robe              ||     2
Dodge: Dodged            ||     1
Block: Kite shield       ||     1
